 Dungeon Crawl Stone Soup version 0.24-a0-342-gad4687c37d (webtiles) character file.

Game seed: 9482467898978198754

122360 mhoghedin the Lord of Darkness (level 16, -2/124 HPs)
             Began as a Mummy Necromancer on May 20, 2019.
             Was the Champion of Kikubaaqudgha.
             Collided with some deep water (11 damage)
             ... caused by a swamp worm
             ... called by a spriggan druid
             ... on level 4 of the Swamp on May 21, 2019.
             The game lasted 02:14:47 (38196 turns).

mhoghedin the Lord of Darkness (Mummy Necromancer) Turns: 38196, Time: 02:14:47

Health: -2/124     AC: 12    Str: 22    XL:     16   Next: 34%
Magic:  12/31      EV: 18    Int: 25    God:    Kikubaaqudgha [******]
Gold:   2188       SH:  8    Dex: 16    Spells: 4/38 levels left

rFire    + . .     SeeInvis +   b - staff of earth
rCold    + + .     Gourm    .   W - +3 buckler
rNeg     + + +     Faith    .   w - +1 leather armour {MR+}
rPois    ∞         Spirit   .   r - +1 hat of Atheism {rC+ Str+4}
rElec    .         Reflect  .   M - +1 cloak "Hero's Friend" {Str+9}
rCorr    .         Harm     .   n - +2 pair of gloves
MR       ++++.                  k - +1 pair of boots
Stlth    +.........             V - amulet "Koelluoz" {rC+ rN+ Regen+ Dex-4}
HPRegen  0.70/turn              X - ring "Zoeves" {rF+ Str-3 Int+5 Dex+7}
MPRegen  0.22/turn              U - ring "Gauggokh" {Fire rN++ MR+ SInv Stlth-}

@: no status effects
A: no food or potions, fire vulnerability, cold resistance 1, negative energy
resistance 3, torment resistance, unbreathing, in touch with death 1
a: Receive Corpses, Torment, Brand Weapon With Pain, Receive Necronomicon,
Renounce Religion


You were on level 4 of the Swamp.
You worshipped Kikubaaqudgha.
Kikubaaqudgha was exalted by your worship.
You were not hungry.

You visited 4 branches of the dungeon, and saw 26 of its levels.
You also visited: Bailey and Gauntlet.

You collected 2353 gold pieces.
You spent 165 gold pieces at shops.

Inventory:

Hand Weapons
 a - the +6 whip of Psychosis {flame, MR- Str+5}
   (You bought it in a shop on level 5 of the Dungeon)

   It has been specially enchanted to burn those struck by it, causing extra
   injury to most foes and up to half again as much damage against particularly
   susceptible opponents.
   It affects your strength (+5).
   It affects your resistance to hostile enchantments.
 d - the +6 hunting sling "Giantbane" {venom, MR+ Str+4 Dex+3}
   (You found it on level 3 of the Lair of Beasts)

   It poisons the ammo it fires.
   It affects your strength (+4).
   It affects your dexterity (+3).
   It affects your resistance to hostile enchantments.
Missiles
 l - 2 throwing nets {=f, !d}
 v - 4 curare-tipped darts (quivered)
Armour
 k - a +1 pair of boots (worn)
   (You found it on level 2 of the Dungeon)
 n - a +2 pair of gloves (worn)
   (You found it on level 4 of the Dungeon)
 r - the +1 hat of Atheism (worn) {rC+ Str+4}
   (You found it in a Gauntlet)

   It affects your strength (+4).
   It protects you from cold.
 w - a +1 leather armour of magic resistance (worn)
   (You found it on level 8 of the Dungeon)
 M - the +1 cloak "Hero's Friend" (worn) {Str+9}
   (You found it in a Gauntlet)

   It affects your strength (+9).
 W - a +3 buckler (worn)
   (You took it off a tengu conjurer on level 15 of the Dungeon)
Magical Staves
 b - an uncursed staff of earth (weapon)
   (You found it on level 9 of the Dungeon)
 O - an uncursed staff of fire {rF+}
   (You found it on level 6 of the Lair of Beasts)
Jewellery
 o - an uncursed ring of ice {rC+, rF-}
   (You found it on level 6 of the Dungeon)
 p - an uncursed amulet of guardian spirit {Spirit}
   (You found it on level 9 of the Dungeon)
 q - an uncursed ring of resist corrosion
   (You found it on level 5 of the Dungeon)
 s - an uncursed ring of wizardry {Wiz+, !d}
   (You found it on level 5 of the Dungeon)
 u - a +6 amulet of reflection
   (You found it on level 6 of the Dungeon)
 A - a +3 ring of protection {unknown}
   (You found it on level 1 of the Swamp)
 E - an uncursed amulet of regeneration {+regen, !d}
   (You found it on level 10 of the Dungeon)
 L - a +3 ring of dexterity {unknown}
   (You found it on level 14 of the Dungeon)
 P - a cursed ring of teleportation {unknown}
   (You found it on level 15 of the Dungeon)
 S - an uncursed ring of protection from cold {unknown}
   (You found it on level 12 of the Dungeon)
 U - the ring "Gauggokh" (right hand) {Fire rN++ MR+ SInv Stlth-}
   (You found it on level 13 of the Dungeon)

   [ring of fire]

   It enhances your fire magic.
   It protects you from fire.
   It makes you vulnerable to cold.
   It greatly protects you from negative energy.
   It affects your resistance to hostile enchantments.
   It lets you see invisible.
   It makes you less stealthy.
 V - the amulet "Koelluoz" (around neck) {rC+ rN+ Regen+ Dex-4}
   (You took it off a big kobold on level 13 of the Dungeon)

   [amulet of regeneration]

   It affects your dexterity (-4).
   It protects you from cold.
   It protects you from negative energy.
   It increases your rate of regeneration.
 X - the ring "Zoeves" (left hand) {rF+ Str-3 Int+5 Dex+7}
   (You found it on level 15 of the Dungeon)

   [ring of protection from fire]

   It affects your strength (-3).
   It affects your intelligence (+5).
   It affects your dexterity (+7).
   It protects you from fire.
Wands
 f - a wand of disintegration (29)
   (You found it on level 7 of the Dungeon)
 i - a wand of random effects (91)
   (You found it on level 2 of the Dungeon)
 m - a wand of flame (45)
   (You found it on level 7 of the Dungeon)
 z - a wand of digging (22)
   (You found it on level 8 of the Dungeon)
 C - a wand of polymorph (21)
   (You took it off Grum on level 9 of the Dungeon)
 I - a wand of paralysis (9)
   (You found it on level 5 of the Lair of Beasts)
 N - a wand of iceblast (10)
   (You found it in a Gauntlet)
 Q - a wand of clouds (3)
   (You found it on level 11 of the Dungeon)
Scrolls
 c - 11 scrolls of teleportation
 e - 2 scrolls of fear
 g - 8 scrolls of remove curse
 h - 4 scrolls of immolation {!r}
 t - a scroll of torment
 x - 5 scrolls of magic mapping {!r}
 y - a scroll of brand weapon
 D - 2 scrolls of identify
 F - 4 scrolls of fog
 K - 2 scrolls of summoning
Miscellaneous
 j - a lightning rod (4/4)
   (You found it on level 1 of the Swamp)
 B - a crystal ball of energy
   (You found it on level 9 of the Dungeon)
 G - a lamp of fire
   (You found it on level 6 of the Lair of Beasts)
 H - a phial of floods
   (You found it on level 2 of the Lair of Beasts)
 J - a sack of spiders
 R - a fan of gales
   (You found it on level 11 of the Dungeon)


   Skills:
 - Level 10.8 Fighting
 - Level 6.4(7.3) Maces & Flails
 - Level 5.3(6.7) Staves
 - Level 8.6 Dodging
 - Level 1.5 Stealth
 - Level 5.2 Shields
 + Level 11.6 Spellcasting
 - Level 4.2 Hexes
 - Level 13.0 Necromancy
 - Level 3.8 Fire Magic
 - Level 6.5 Ice Magic
 + Level 6.9 Earth Magic
 - Level 10.2 Evocations


You had 4 spell levels left.
You knew the following spells:

 Your Spells              Type           Power        Failure   Level  Hunger
a - Agony                 Necr           #######.     1%          5    N/A
b - Animate Dead          Necr           N/A          1%          4    N/A
c - Corpse Rot            Necr           N/A          1%          2    N/A
d - Inner Flame           Hex/Fire       ######..     2%          3    N/A
e - Borgnjor's Vile Clut  Necr/Erth      #######...   2%          5    N/A
f - Dispel Undead         Necr           #######.     1%          5    N/A
g - Simulacrum            Ice/Necr       #######...   13%         6    N/A
x - Vampiric Draining     Necr           #######...   1%          3    N/A
A - Animate Skeleton      Necr           N/A          1%          1    N/A

Your spell library contained the following spells:

 Spells                   Type           Power        Failure   Level  Hunger
 Confusing Touch          Hex            #####.       1%          1    N/A
 Pain                     Necr           ####         1%          1    N/A
 Slow                     Hex            #####...     1%          2    N/A
 Flame Tongue             Conj/Fire      #####        2%          1    N/A
 Confuse                  Hex            #####...     2%          3    N/A
 Tukima's Dance           Hex            #####...     2%          3    N/A
 Throw Flame              Conj/Fire      #####.       3%          2    N/A
 Apportation              Tloc           ##....       4%          1    N/A
 Infusion                 Chrm           ##..         4%          1    N/A
 Magic Dart               Conj           ##..         4%          1    N/A
 Summon Butterflies       Summ           ##......     4%          1    N/A
 Summon Small Mammal      Summ           ##..         4%          1    N/A
 Leda's Liquefaction      Hex/Erth       ######....   4%          4    N/A
 Conjure Flame            Conj/Fire      #####...     6%          3    N/A
 Dazzling Spray           Conj/Hex       ####..       6%          3    N/A
 Spectral Weapon          Hex/Chrm       ####....     6%          3    N/A
 Summon Guardian Golem    Hex/Summ       ####....     6%          3    N/A
 Call Imp                 Summ           ##......     8%          2    N/A
 Searing Ray              Conj           ##....       8%          2    N/A
 Shroud of Golubria       Chrm/Tloc      ##........   8%          2    N/A
 Song of Slaying          Chrm           ##......     8%          2    N/A
 Sticks to Snakes         Tmut           ##......     8%          2    N/A
 Ignite Poison            Fire/Tmut/Pois ####....     9%          3    N/A
 Petrify                  Tmut/Erth      #####...     12%         4    N/A
 Summon Ice Beast         Ice/Summ       ####....     12%         4    N/A
 Call Canine Familiar     Summ           ##......     14%         3    N/A
 Gell's Gravitas          Tloc           ##........   14%         3    N/A
 Lesser Beckoning         Tloc           ##........   14%         3    N/A
 Fulminant Prism          Conj/Hex       ####......   21%         4    N/A
 Sticky Flame             Conj/Fire      #####...     22%         4    N/A
 Force Lance              Conj/Tloc      ##......     43%         4    N/A
 Iskenderun's Mystic Bla  Conj           ##......     43%         4    N/A
 Summon Lightning Spire   Summ/Air       ##......     43%         4    N/A
 Metabolic Englaciation   Hex/Ice        #####.....   14%         5    N/A
 Bolt of Magma            Conj/Fire/Erth ######....   30%         5    N/A
 Yara's Violent Unravell  Hex/Tmut       ####......   50%         5    N/A
 Fireball                 Conj/Fire      #####.....   52%         5    N/A
 Invisibility             Hex            #####...     77%         6    N/A
 Alistair's Intoxication  Tmut/Pois      ##......     80%         5    N/A
 Irradiate                Conj/Tmut      ##........   80%         5    N/A
 Iron Shot                Conj/Erth      #####.....   87%         6    N/A
 Bolt of Fire             Conj/Fire      #####.....   97%         6    N/A
 Ring of Flames           Chrm/Fire      #####.....   100%        7    N/A
 Ignition                 Fire           ######....   100%        8    N/A
 Shatter                  Erth           ######....   100%        9    N/A
 Regeneration             Chrm/Necr      Unusable     N/A         3    N/A
 Beastly Appendage        Tmut           Unusable     N/A         1    N/A
 Statue Form              Tmut/Erth      Unusable     N/A         6    N/A

Dungeon Overview and Level Annotations

Branches:
Dungeon (15/15)            Temple (1/1) D:4            Lair (6/6) D:10
  Swamp (4/4) Lair:3       Spider (0/4) Lair:2        Slime (0/5) Lair:6
    Orc (0/2) D:10         Vaults (0/5) D:13         Depths (0/5) D:15

Altars:
Kikubaaqudgha
Makhleb
Nemelex Xobeh
Qazlal
Sif Muna
Trog
Wu Jian
Yredelemnul

Shops:
D:5 **   D:11 !

Annotations:
D:4 2 transporters, PeterLawrence's ghost, amateur MiFi
D:14 2 transporters, Borgoz's ghost, journeyman HOGl


Innate Abilities, Weirdness & Mutations

You do not eat or drink.
Your flesh is vulnerable to fire.
You are immune to poison.
Your flesh is cold resistant. (rC+)
You are immune to negative energy. (rN+++)
You are immune to unholy pain and torment.
You can survive without breathing.
You are in touch with the powers of death.


Message History

Your five-headed hydra skeleton bites the tyrant leech!
Your five-headed hydra skeleton misses the tyrant leech.
Your five-headed hydra skeleton bites the tyrant leech but does no damage.
Your swamp drake zombie bites the tyrant leech!
The tyrant leech dies!
Kikubaaqudgha accepts your kill.
You enter the shallow water.
Moving in this stuff is going to be slow.
A spriggan druid comes into view. It is wielding a +0 quarterstaff.
The spriggan druid shouts!
You see here a tyrant leech corpse.
You feel a surge of power!
You attempt to give life to the dead...
A swamp worm comes into view.
You now have 15/31 mp.
What are your orders? t - Shout!
Orders for allies: a - Attack new target. r - Retreat! s - Stop attacking. g - Guard the area. f - Follow me.
Anything else - Cancel.
Gang up on whom?
Aim: a spriggan druid, wielding a +0 quarterstaff and wearing a cursed +0 robe Attack!
The spriggan druid calls out to the beasts of the wild!
Your magical contamination has completely faded away.
The spriggan druid hits your six-headed hydra zombie with a +0 quarterstaff!
Your six-headed hydra zombie is destroyed!
A spiny frog comes into view.
A swamp worm comes into view.
The spriggan druid hits your five-headed hydra skeleton with a +0 quarterstaff!
Your five-headed hydra skeleton closely misses the spriggan druid.
Your five-headed hydra skeleton bites the spriggan druid.
Your five-headed hydra skeleton bites the spriggan druid but does no damage.
Your five-headed hydra skeleton closely misses the spriggan druid.
Your five-headed hydra skeleton bites the spriggan druid!
Your tyrant leech simulacrum bites the spriggan druid!!
Your tyrant leech simulacrum freezes the spriggan druid!
With its final breath, the spriggan druid offers up its power to the beasts of the wild!
The swamp dragon seems to grow more fierce.
The swamp worm seems to grow more fierce.
The spriggan druid dies!
Kikubaaqudgha accepts your kill. What are your orders? t - Shout!
Orders for allies: a - Attack new target. r - Retreat! s - Stop attacking. g - Guard the area. f - Follow me.
Anything else - Cancel.
Gang up on whom?
Aim: a swamp worm (unusually strong) Attack!
Your five-headed hydra skeleton bites the swamp worm!
Your five-headed hydra skeleton bites the swamp worm.
Your five-headed hydra skeleton barely misses the swamp worm.
Your five-headed hydra skeleton bites the swamp worm.
Your five-headed hydra skeleton closely misses the swamp worm.
The swamp worm throws harpoon shot at you.
The harpoon shot hits you.
You are yanked forward by the harpoon shot.
You violently stop moving!
The swamp worm bites your tyrant leech simulacrum!!
Your tyrant leech simulacrum barely misses the swamp worm.
Your tyrant leech simulacrum bites the swamp worm.
Your tyrant leech simulacrum freezes the swamp worm!!
You take 18 damage, and have 106/124 hp.
You block the spiny frog's attack.
The swamp worm bites your five-headed hydra skeleton!
The swamp worm throws harpoon shot at you.
The harpoon shot misses you.
Your five-headed hydra skeleton bites the swamp worm!
The swamp worm dies!
Kikubaaqudgha accepts your kill. The spiny frog completely misses you.
The swamp worm throws harpoon shot at you.
The harpoon shot misses you.
The harpoon shot hits your four-headed hydra zombie!
The swamp dragon bites you! The swamp dragon claws you!
The swamp dragon tramples you!
You hold your ground!
You block the spiny frog's attack.
The swamp worm throws harpoon shot at you.
The harpoon shot hits you!
You are yanked forward by the harpoon shot.
You violently stop moving!
* * * LOW HITPOINT WARNING * * *
You take 75 damage, and have 32/124 hp.
MASSIVE DAMAGE!!
You feel a strong surge of power!
Decaying hands burst forth from the earth!
Zombie hands grab the swamp worm.
Zombie hands grab the spiny frog.
The zombie hands constrict the spiny frog!
The zombie hands constrict the swamp worm!
You block the spiny frog's attack.
Your four-headed hydra zombie bites the swamp dragon but does no damage. x2
Your four-headed hydra zombie bites the swamp dragon. x2
The swamp worm throws harpoon shot at you.
The harpoon shot hits you!!
* * * LOW HITPOINT WARNING * * *
You are yanked forward by the harpoon shot.
You violently stop moving!
You die...
Kikubaaqudgha rasps: "You have failed me!
Welcome... oblivion!"

**,≈*,,≈,,**≈,* ♣♣≈.≈.♣
**********♣♣*♣♣♣≈.÷..♣ **♣**
♣♣≈♣♣.§.≈...♣ *≈≈≈**
♣§≈..≈≈≈≈...♣ *≈≈≈≈**
♣.≈≈≈≈≈≈≈.♣♣♣♣ **.≈≈.**
♣.≈≈≈≈≈≈≈≈≈≈.♣♣
*≈.≈.≈♣♣♣♣.≈≈$≈..≈.≈≈≈.♣*
*♣.≈..w≈.♣♣≈≈≈†♣♣§..≈≈≈.♣
*≈.≈≈≈≈≈@♣≈$≈≈.♣♣♣...≈§.≈
***.≈.≈≈≈≈FD.Z..≈♣*♣♣≈≈≈...
**≈<.≈≈.≈≈≈≈ZZZZ.♣♣≈≈≈.♣♣≈..
*≈,≈....≈≈≈≈.Z≈≈≈♣,≈≈≈.≈*♣.≈
**≈≈≈≈..≈≈≈...Z≈≈)≈≈,,.≈♣*♣≈
*,≈§≈≈♣....♣♣.≈≈≈≈..******≈
*,≈≈≈..♣..≈♣♣♣.≈≈≈≈..≈,≈**,
*,≈..≈≈.♣≈♣♣ ♣♣.≈≈≈≈≈≈≈***≈
**,≈.≈≈.♣♣* ♣♣≈≈≈≈.≈,***,


You could see a swamp dragon, a spiny frog, a swamp worm, 4 friendly tyrant
leech simulacra, a friendly four-headed hydra zombie, a friendly swamp drake
zombie and a friendly five-headed hydra skeleton.

Vanquished Creatures
  A thorn hunter (Swamp:4)
  Roxanne (Swamp:2)
  A dire elephant (Lair:6)
  A great orb of eyes (D:12)
  A fire dragon (Lair:6)
  An ogre mage (D:12)
  8 hydras
  4 vault guards (D:13)
  A ghost crab (Swamp:3)
  A shambling mangrove (Swamp:1)
  2 ice dragons (D:15)
  A death knight (D:13)
  A death scarab (Gauntlet)
  4 two-headed ogres
  3 death yaks (Lair:6)
  A centaur warrior (D:15)
  2 tengu warriors
  The ghost of Somebody the Magician, a novice GnWr of Kikubaaqudgha (D:10)
  7 alligators
  8 skeletal warriors (D:15)
  3 unseen horrors
  4 swamp dragons
  A necromancer (D:13)
  A deep elf mage (D:13)
  A wolf spider zombie (D:14)
  7 cyclopes
  An orb spider (Lair:2)
  4 oklob plants (Lair:4)
  3 manticores
  18 ugly things
  2 spectral centaurs (D:10)
  4 centaur zombies
  5 elephants (Lair:5)
  Joseph (D:8)
  5 black mambas
  3 gargoyles
  A torpor snail (Lair:2)
  11 spiny frogs
  A kobold demonologist (D:13)
  3 rime drakes
  An ice devil (Gauntlet)
  A freezing wraith (D:13)
  8 komodo dragons
  A tengu conjurer (D:15)
  A polar bear (Lair:5)
  5 trolls
  6 tyrant leeches
  5 meliai
  4 hornets (Swamp:1)
  A spectral dream sheep (Gauntlet)
  Prince Ribbit (D:7)
  13 dream sheep
  6 hippogriffs
  3 bog bodies
  12 slime creatures
  3 centaur simulacra
  6 shadows
  5 spriggans
  3 wraiths
  2 vampires
  A human (shapeshifter) (D:11)
  23 yaks
  2 wyverns
  2 basilisks
  Grum (D:9)
  2 neqoxecs (D:11)
  A steam dragon (Lair:3)
  2 hungry ghosts
  8 swamp worms
  A soldier ant (D:15)
  13 insubstantial wisps
  22 vampire mosquitoes
  2 acid dragons (D:13)
  6 water moccasins
  10 porcupines
  A spectral hornet (D:10)
  10 swamp drakes
  5 sky beasts
  A meliai simulacrum (D:15)
  7 orc warriors
  3 ice beasts
  A hornet zombie (D:7)
  2 eyes of draining
  9 ogres
  3 phantoms
  A wolf (D:9)
  13 centaurs
  17 crocodiles
  3 big kobolds
  13 bullfrogs
  A gnoll sergeant (D:12)
  6 scorpions
  A wyvern skeleton (D:7)
  A water moccasin zombie (D:6)
  15 killer bees
  2 electric eels (Lair:6)
  7 wights (D:10)
  10 howler monkeys
  A spectral bullfrog (D:10)
  A bullfrog zombie (D:10)
  2 quasits (D:11)
  3 hounds
  10 crimson imps
  7 jellies
  15 orc priests
  2 bullfrog skeletons (D:13)
  5 centaur skeletons
  4 iguanas
  19 orc wizards
  A hell rat (Lair:6)
  16 worker ants
  A hound zombie (D:11)
  A howler monkey zombie (D:11)
  A worker ant zombie (D:9)
  6 adders
  20 gnolls
  A howler monkey skeleton (D:10)
  A shadow imp (D:7)
  2 white imps (Gauntlet)
  3 oozes
  A worm (D:3)
  2 dart slugs (D:1)
  7 leopard geckos
  75 orcs
  5 bats
  7 giant cockroaches
  18 hobgoblins
  14 jackals
  19 kobolds
  3 quokkas
  2 ball pythons
  2 frilled lizards
  12 goblins
  7 rats
  4 plants
744 creatures vanquished.

Vanquished Creatures (collateral kills)
  A minotaur (Gauntlet)
  Snorg (Lair:6)
  4 vault guards (D:13)
  A shambling mangrove (Swamp:3)
  9 hydras
  A centaur warrior (D:14)
  4 death yaks
  6 swamp dragons
  A spriggan druid (Swamp:4)
  A lindwurm (Lair:6)
  An oklob plant (Lair:5)
  An orb spider (shapeshifter) (D:12)
  2 elephants (Lair:6)
  A centaur zombie (D:14)
  2 black mambas
  A centaur skeleton (D:10)
  8 spiny frogs
  4 rime drakes (Lair:6)
  A komodo dragon (Lair:6)
  A troll (D:12)
  A polar bear (Lair:6)
  A meliai (D:15)
  5 slime creatures
  8 tyrant leeches
  A hippogriff (Lair:6)
  3 dream sheep
  5 hornets
  A bog body (Swamp:2)
  A centaur simulacrum (D:14)
  A shadow (Swamp:2)
  4 yaks
  A wraith (D:13)
  A basilisk (Lair:6)
  2 wyverns
  A neqoxec (D:11)
  7 vampire mosquitoes
  6 swamp worms
  2 steam dragons (Lair:6)
  An acid dragon (Lair:6)
  5 water moccasins
  3 porcupines
  4 swamp drakes
  A wolf (D:9)
  4 crocodiles
  A centaur (D:13)
  5 bullfrogs
  A killer bee (D:12)
  2 quasits (D:11)
  2 hounds
  3 jellies
  3 iguanas
  A worker ant (D:13)
  A worker ant zombie (D:9)
  2 gnolls (Bailey)
  An adder (D:5)
  5 oozes (Lair:6)
  A leopard gecko (D:1)
  An orc (D:13)
  A bat (D:3)
  A hobgoblin (Bailey)
  A jackal (D:3)
  A kobold (Bailey)
  5 fungi
  4 plants
162 creatures vanquished.

Vanquished Creatures (others)
  The ghost of Hasart the Arsonist, a journeyman DEFE of Sif Muna (D:11)
  2 death yaks (Lair:6)
  An orc (D:10)
  2 bushes (Lair:5)
  2 demonic plants (Gauntlet)
  7 fungi
  20 plants
35 creatures vanquished.

Grand Total: 941 creatures vanquished

Notes
Turn   | Place    | Note
-------+----------+-------------------------------------------
     0 | D:1      | mhoghedin the Mummy Necromancer began the quest for the
                  | Orb.
     0 | D:1      | Reached XP level 1. HP: 13/13 MP: 4/4
    71 | D:1      | Reached skill level 3 in Spellcasting
   324 | D:1      | Reached XP level 2. HP: 17/19 MP: 3/6
   655 | D:1      | Learned a level 1 spell: Animate Skeleton
   749 | D:1      | Reached XP level 3. HP: 24/24 MP: 1/8
  1382 | D:2      | Learned a level 3 spell: Vampiric Draining
  1751 | D:2      | Reached skill level 5 in Necromancy
  1751 | D:2      | Reached XP level 4. HP: 22/30 MP: 1/9
  2318 | D:3      | Reached skill level 6 in Necromancy
  2322 | D:3      | Reached XP level 5. HP: 28/35 MP: 3/10
  2737 | D:3      | HP: 4/35 [orc priest/divine providence (17)]
  3036 | D:3      | Learned a level 4 spell: Animate Dead
  3232 | D:3      | Reached skill level 7 in Necromancy
  3299 | D:3      | Reached XP level 6. HP: 41/41 MP: 7/11
  3773 | D:4      | Found a transporter.
  3773 | D:4      | Noticed PeterLawrence's ghost (amateur MiFi)
  3888 | D:4      | Found a transporter.
  4030 | D:4      | Reached skill level 8 in Necromancy
  4289 | D:4      | Found a staircase to the Ecumenical Temple.
  4298 | Temple   | Entered the Ecumenical Temple
  4307 | Temple   | Became a worshipper of Kikubaaqudgha
  4355 | D:4      | Reached XP level 7. HP: 46/46 MP: 9/12
  4458 | D:5      | Entered Level 5 of the Dungeon
  4637 | D:5      | Found Ytielaw's Assorted Antiques.
  4643 | D:5      | Bought an encrusted whip for 165 gold pieces
  4643 | D:5      | Identified the +6 whip of Psychosis {flame, MR- Str+5} (You
                  | bought it in a shop on level 5 of the Dungeon)
  5181 | D:5      | Found Fezxid's General Store.
  5223 | D:5      | Reached skill level 9 in Necromancy
  5250 | D:5      | Reached * piety under Kikubaaqudgha
  5250 | D:5      | Identified Kikubaaqudgha's Tome of Unholy Secrets
                  | (Kikubaaqudgha gifted it to you on level 5 of the Dungeon)
  5250 | D:5      | Received a gift from Kikubaaqudgha
  5446 | D:5      | Learned a level 2 spell: Corpse Rot
  5738 | D:6      | Reached XP level 8. HP: 42/53 MP: 13/13
  5805 | D:6      | Reached skill level 1 in Fighting
  5810 | D:6      | Reached skill level 1 in Maces & Flails
  5833 | D:6      | Reached skill level 2 in Fighting
  5998 | D:6      | Got a slimy robe
  6102 | D:6      | Reached skill level 2 in Maces & Flails
  6114 | D:6      | Identified the cursed +1 robe of Light {Str-3 Dex+2 Slay+2}
                  | (You found it on level 6 of the Dungeon)
  6140 | D:6      | Reached skill level 3 in Fighting
  6453 | D:9      | Noticed Grum
  6472 | D:9      | Reached skill level 3 in Maces & Flails
  6706 | D:9      | Reached skill level 4 in Fighting
  6729 | D:9      | HP: 15/60 [shot self (21)]
  6987 | D:8      | Noticed Prince Ribbit
  7221 | D:7      | Reached skill level 4 in Maces & Flails
  7281 | D:7      | Reached skill level 5 in Fighting
  7281 | D:7      | Reached XP level 9. HP: 52/68 MP: 6/14
  7758 | D:7      | Reached ** piety under Kikubaaqudgha
  8033 | D:7      | Reached skill level 6 in Fighting
  8036 | D:7      | Reached skill level 5 in Maces & Flails
  8153 | D:7      | Found a stormy altar of Qazlal.
  8163 | D:7      | Found a deep blue altar of Sif Muna.
  8659 | D:7      | Learned a level 3 spell: Inner Flame
  8744 | D:8      | Found a basalt altar of Yredelemnul.
  8857 | D:7      | Reached skill level 1 in Hexes
  8867 | D:7      | Killed Prince Ribbit
  8867 | D:7      | Reached skill level 1 in Fire Magic
  9041 | D:8      | Reached skill level 2 in Hexes
  9113 | D:7      | Reached skill level 2 in Fire Magic
  9374 | D:8      | Reached skill level 3 in Hexes
  9509 | D:8      | Reached skill level 3 in Fire Magic
  9626 | D:8      | Noticed Joseph
  9638 | D:8      | HP: 11/71 [Joseph/+0 quarterstaff (16)]
  9640 | D:8      | Killed Joseph
  9640 | D:8      | Reached XP level 10. HP: 8/77 MP: 0/15
  9692 | D:8      | HP: 16/77 [scorpion (6)]
 10051 | D:8      | Noticed a cyclops
 10064 | D:8      | Killed a cyclops
 10064 | D:8      | Reached skill level 4 in Hexes
 10271 | D:8      | Reached skill level 2 in Dodging
 10798 | D:9      | Killed Grum
 10798 | D:9      | Reached skill level 7 in Fighting
 10934 | D:9      | Reached *** piety under Kikubaaqudgha
 10934 | D:9      | Identified Kikubaaqudgha's Catalogue of Evil Rites
                  | (Kikubaaqudgha gifted it to you on level 9 of the Dungeon)
 10934 | D:9      | Received a gift from Kikubaaqudgha
 11244 | D:9      | Reached skill level 4 in Spellcasting
 11609 | D:10     | Entered Level 10 of the Dungeon
 11617 | D:10     | Reached skill level 5 in Spellcasting
 11682 | D:10     | Found a runed translucent gate.
 11682 | D:10     | Found a runed translucent gate.
 11689 | D:10     | Found a runed translucent gate.
 11690 | D:10     | Noticed a spectral centaur warrior
 11690 | D:10     | Noticed Somebody's ghost (novice GnWr)
 11691 | D:10     | Noticed a spectral centaur warrior
 11856 | D:10     | Found a staircase to the Orcish Mines.
 11888 | D:10     | Learned a level 5 spell: Borgnjor's Vile Clutch
 11957 | D:10     | Reached skill level 1 in Earth Magic
 12003 | D:10     | Reached skill level 6 in Spellcasting
 12057 | D:10     | Reached skill level 2 in Earth Magic
 12208 | D:10     | Found a staircase to the Lair.
 12245 | D:10     | Reached skill level 7 in Spellcasting
 12376 | D:10     | Reached skill level 3 in Earth Magic
 12430 | D:10     | Reached **** piety under Kikubaaqudgha
 12769 | D:10     | Learned a level 5 spell: Dispel Undead
 12803 | D:10     | Reached XP level 11. HP: 72/84 MP: 15/22
 12865 | D:10     | Killed an unseen horror
 12865 | D:10     | Reached skill level 8 in Spellcasting
 13161 | Lair:1   | Entered Level 1 of the Lair of Beasts
 13203 | Lair:1   | Reached skill level 4 in Earth Magic
 13317 | Lair:1   | Reached skill level 10 in Necromancy
 13865 | Lair:1   | Reached skill level 5 in Earth Magic
 14700 | Lair:2   | Reached skill level 1 in Evocations
 14731 | Lair:2   | Reached skill level 3 in Dodging
 14745 | Lair:2   | Reached skill level 2 in Evocations
 15038 | Lair:2   | Reached skill level 4 in Dodging
 15226 | Lair:2   | Found a hole to the Spider Nest.
 15226 | Lair:2   | Noticed an orb spider
 15232 | Lair:2   | Killed an orb spider
 15232 | Lair:2   | Reached skill level 3 in Evocations
 15488 | Lair:3   | Noticed an eight-headed hydra
 15498 | Lair:3   | Killed an eight-headed hydra
 15560 | Lair:3   | Reached XP level 12. HP: 75/91 MP: 12/24
 16083 | Lair:3   | Reached skill level 9 in Spellcasting
 16090 | Lair:3   | Found a staircase to the Swamp.
 16595 | Lair:4   | Reached skill level 10 in Spellcasting
 16611 | Lair:4   | Learned a level 6 spell: Simulacrum
 16636 | Lair:4   | Reached skill level 1 in Ice Magic
 16676 | Lair:4   | Found a gate leading to a gauntlet.
 16702 | Gauntlet | Entered a Gauntlet
 16702 | Gauntlet | Found a transporter.
 16715 | Gauntlet | Found a transporter.
 16726 | Gauntlet | Found a transporter.
 16731 | Gauntlet | Found a transporter.
 16746 | Gauntlet | Found a transporter.
 16765 | Gauntlet | Found a transporter.
 16777 | Gauntlet | Found a transporter.
 16777 | Gauntlet | Noticed a blizzard demon
 16843 | Gauntlet | Found a transporter.
 16845 | Gauntlet | Found a transporter.
 16864 | Gauntlet | Found a transporter.
 16865 | Gauntlet | Noticed an ice dragon
 16865 | Gauntlet | a wolf spider changed into an ice dragon
 16869 | Gauntlet | an ice dragon changed into a wolf spider
 16876 | Gauntlet | Found a transporter.
 16879 | Gauntlet | Noticed an ice dragon
 16879 | Gauntlet | a wolf spider changed into an ice dragon
 16880 | Gauntlet | Noticed a fire dragon
 16880 | Gauntlet | an ice dragon changed into a fire dragon
 16888 | Gauntlet | Found a transporter.
 16889 | Gauntlet | Identified the +5 shortbow of the Skies Above {flame, rC+
                  | MR+}
 16895 | Gauntlet | Found a transporter.
 16895 | Gauntlet | Found a transporter.
 16936 | Gauntlet | Found a transporter.
 16938 | Gauntlet | Found a runed translucent gate.
 16938 | Gauntlet | Found a runed translucent gate.
 16938 | Gauntlet | Found a runed translucent gate.
 16940 | Gauntlet | Found a large runed translucent door.
 16940 | Gauntlet | Found a large runed translucent door.
 16940 | Gauntlet | Found a large runed translucent door.
 16940 | Gauntlet | Found a large runed translucent door.
 16944 | Gauntlet | Found a large runed translucent door.
 16944 | Gauntlet | Found a large runed translucent door.
 16946 | Gauntlet | Found a large runed translucent door.
 16946 | Gauntlet | Found a large runed translucent door.
 16948 | Gauntlet | Found a large runed translucent door.
 16948 | Gauntlet | Found a large runed translucent door.
 16948 | Gauntlet | Found a runed translucent door.
 16948 | Gauntlet | Found a runed translucent door.
 16949 | Gauntlet | Found a large runed translucent door.
 16950 | Gauntlet | Found a large runed translucent door.
 16959 | Gauntlet | Found a large runed translucent door.
 16959 | Gauntlet | Found a large runed translucent door.
 16960 | Gauntlet | Found a large runed translucent door.
 16960 | Gauntlet | Noticed a death scarab
 16961 | Gauntlet | Found a large runed translucent door.
 16961 | Gauntlet | Found a transporter.
 16963 | Gauntlet | Found a transporter.
 16965 | Gauntlet | Found a transporter.
 17225 | Gauntlet | Killed a death scarab
 17225 | Gauntlet | Reached skill level 11 in Necromancy
 17237 | Gauntlet | Got a heavily runed hat
 17246 | Gauntlet | Identified the +1 hat of Atheism {rC+ Str+4} (You found it
                  | in a Gauntlet)
 17300 | Gauntlet | Reached ***** piety under Kikubaaqudgha
 17302 | Gauntlet | Reached skill level 2 in Ice Magic
 17400 | Gauntlet | Got a faintly glowing cloak
 17411 | Gauntlet | Identified the +1 cloak "Hero's Friend" {Str+9} (You found
                  | it in a Gauntlet)
 17416 | Gauntlet | Noticed a two-headed ogre
 17416 | Gauntlet | a manticore changed into a two-headed ogre
 17419 | Gauntlet | a two-headed ogre changed into a merfolk
 17469 | Gauntlet | Noticed a minotaur
 17479 | Gauntlet | Killed a minotaur
 17493 | Gauntlet | Identified the Volume of the Unstable Oath
 17838 | Lair:4   | Reached skill level 3 in Ice Magic
 17851 | Lair:4   | Reached skill level 4 in Ice Magic
 18067 | Lair:4   | Noticed a seven-headed hydra
 18140 | Lair:4   | Killed a seven-headed hydra
 18140 | Lair:4   | Reached skill level 12 in Necromancy
 18178 | Lair:4   | Noticed an eight-headed hydra
 18180 | Lair:4   | Killed an eight-headed hydra
 18488 | Lair:4   | Reached skill level 5 in Ice Magic
 18838 | Lair:5   | Noticed a four-headed hydra
 18863 | Lair:5   | Killed a four-headed hydra
 18863 | Lair:5   | Gained mutation: You are in touch with the powers of death.
                  | [Mummy growth]
 18863 | Lair:5   | Reached XP level 13. HP: 96/96 MP: 18/27
 19026 | Lair:5   | Found a sparkling altar of Nemelex Xobeh.
 19293 | Lair:5   | Reached skill level 6 in Ice Magic
 19460 | Lair:5   | Got a crystal hand crossbow
 19461 | Lair:5   | Identified the +1 hand crossbow of Deflation {velocity,
                  | +Inv} (You found it on level 5 of the Lair of Beasts)
 19729 | Lair:6   | Entered Level 6 of the Lair of Beasts
 20023 | Lair:6   | Reached skill level 6 in Maces & Flails
 20023 | Lair:6   | Reached skill level 4 in Evocations
 20232 | Lair:6   | Found a staircase to the Slime Pits.
 20395 | Lair:6   | Reached skill level 5 in Dodging
 20443 | Lair:6   | Noticed a dire elephant
 20466 | Lair:6   | Killed a dire elephant
 20714 | Lair:6   | Reached skill level 5 in Evocations
 20953 | Lair:6   | Noticed Snorg
 20956 | Lair:6   | Reached skill level 8 in Fighting
 20958 | Lair:6   | Killed Snorg
 21410 | Lair:6   | Noticed a fire dragon
 21421 | Lair:6   | Killed a fire dragon
 21421 | Lair:6   | Reached skill level 6 in Evocations
 22331 | D:10     | Reached XP level 14. HP: 90/105 MP: 17/28
 22346 | D:10     | Killed Somebody's ghost
 22346 | D:10     | Reached skill level 7 in Evocations
 22818 | D:11     | Found Fukh's Distillery.
 22831 | D:11     | Reached ****** piety under Kikubaaqudgha
 23044 | D:11     | Noticed Hasart's ghost (journeyman DEFE)
 23131 | D:11     | Found a transporter.
 23154 | D:11     | Found a transporter.
 23192 | D:11     | Killed Hasart's ghost
 23192 | D:11     | Reached skill level 8 in Evocations
 23687 | D:11     | Reached skill level 13 in Necromancy
 24304 | D:12     | Identified a scroll of acquirement
 24324 | D:12     | Found a shimmering altar of Xom.
 24324 | D:12     | Found a shimmering altar of Xom.
 24325 | D:12     | Found a shimmering altar of Xom.
 24325 | D:12     | Found a shimmering altar of Xom.
 24325 | D:12     | Found a shimmering altar of Xom.
 24326 | D:12     | Found a shimmering altar of Xom.
 24326 | D:12     | Found a shimmering altar of Xom.
 24326 | D:12     | Found a shimmering altar of Xom.
 24326 | D:12     | Found a shimmering altar of Xom.
 24707 | D:12     | HP: 16/105 [slime creature (16)]
 25269 | D:12     | Reached skill level 9 in Evocations
 25933 | D:13     | Found a gate to the Vaults.
 25962 | D:13     | Reached skill level 10 in Evocations
 26297 | D:13     | Reached skill level 6 in Dodging
 26326 | D:13     | HP: 21/105 [ogre/+0 giant club (13)]
 26344 | D:13     | HP: 13/105 [orc priest/divine providence (13)]
 26887 | D:13     | Identified the amulet "Koelluoz" {rC+ rN+ Regen+ Dex-4}
 26889 | D:13     | Got a crude turquoise ring
 26890 | D:13     | Identified the ring "Gauggokh" {Fire rN++ MR+ SInv Stlth-}
                  | (You found it on level 13 of the Dungeon)
 26949 | D:13     | Identified the amulet of Woirell {Reflect rN+ MR- Str+4
                  | SH+4}
 26951 | D:13     | Got a smoking glass ring
 26965 | D:13     | Reached skill level 1 in Staves
 26976 | D:13     | Identified the ring "Ibir Riy" {rF+ MR+} (You found it on
                  | level 13 of the Dungeon)
 27337 | D:13     | Reached skill level 2 in Staves
 27608 | D:13     | Reached skill level 9 in Fighting
 28218 | D:14     | HP: 25/108 [purple ugly thing (14)]
 28220 | D:14     | Reached XP level 15. HP: 33/113 MP: 6/29
 28266 | D:14     | HP: 23/113 [acid (9)]
 28267 | D:14     | HP: 11/113 [brown ugly thing (13)]
 28267 | D:14     | HP: 2/113 [acid (9)]
 28455 | D:14     | Found a flagged portal.
 28469 | Bailey   | Entered a bailey
 28868 | D:14     | Reached skill level 3 in Staves
 28868 | D:14     | Reached skill level 7 in Dodging
 28950 | D:14     | Found a transporter.
 28951 | D:14     | Found a transporter.
 28964 | D:14     | Noticed Borgoz's ghost (journeyman HOGl)
 29406 | D:14     | Identified the +6 great mace of Domination {distort, rElec
                  | rN+ Str+4}
 29409 | D:14     | Identified the +6 broad axe "Huicu" {antimagic, *Drain
                  | Str+5 SInv Stlth+}
 29420 | D:14     | Found a bloodstained altar of Trog.
 29538 | D:15     | Entered Level 15 of the Dungeon
 29569 | D:15     | HP: 28/114 [meliai/+0 broad axe (12)]
 30284 | D:15     | Reached skill level 1 in Shields
 30340 | D:15     | Got a smoking silver ring
 30604 | D:15     | Reached skill level 2 in Shields
 30756 | D:15     | Upgraded the game from 0.24-a0-341-g52ca42d3ec to
                  | 0.24-a0-342-gad4687c37d
 30781 | D:15     | Reached skill level 3 in Shields
 31075 | D:15     | Reached skill level 4 in Shields
 31336 | D:15     | Found a staircase to the Depths.
 31884 | D:15     | Reached skill level 5 in Shields
 32213 | Swamp:1  | Entered Level 1 of the Swamp
 32388 | Lair:3   | Got a smoking hunting sling
 32389 | Lair:3   | Identified the +6 hunting sling "Giantbane" {venom, MR+
                  | Str+4 Dex+3} (You found it on level 3 of the Lair of
                  | Beasts)
 32440 | Swamp:1  | Reached skill level 10 in Fighting
 32697 | Swamp:1  | Reached skill level 4 in Staves
 32865 | Swamp:1  | Identified the ring "Zoeves" {rF+ Str-3 Int+5 Dex+7} (You
                  | found it on level 15 of the Dungeon)
 33508 | Swamp:2  | Reached skill level 8 in Dodging
 34112 | Swamp:2  | Identified Roxanne's Disquisition on Transmigration
 34112 | Swamp:2  | Noticed Roxanne
 35325 | Swamp:2  | Killed Roxanne
 35382 | Swamp:2  | Learned a level 5 spell: Agony
 35947 | Swamp:3  | Reached skill level 5 in Staves
 36405 | Swamp:3  | Reached XP level 16. HP: 100/124 MP: 15/30
 36618 | Swamp:2  | HP: 28/124 [alligator[an alligator] (21)]
 37078 | Swamp:4  | Entered Level 4 of the Swamp
 37137 | Swamp:4  | Noticed a thorn hunter
 37141 | Swamp:4  | HP: 26/124 [six-headed hydra (9)]
 37141 | Swamp:4  | Killed a thorn hunter
 37162 | Swamp:4  | HP: 28/124 [six-headed hydra (9)]
 37209 | Swamp:4  | Reached skill level 6 in Earth Magic
 37707 | Swamp:3  | Reached skill level 11 in Spellcasting
 38196 | Swamp:4  | HP: 9/124 [swamp worm/harpoon shot[a spriggan druid] (24)]
 38196 | Swamp:4  | Collided with some deep water

Levels and vault maps discovered:
D:1:      lightli_arrival_statue_moat, layout_basic
D:2:      layout_rooms, roderic_serpentine_path, corexii_shack
D:3:      minmay_general_purpose_star, layout_basic, first_ration,
          mrwooster_statue_mirror, kennysheep_generic_room_14
D:4:      layout_rooms, minmay_temple_entry_junction, gammafunk_ghost_mausoleum
D:5:      layout_basic, serial_shops, shop, shop, grunt_decor_resistance
D:6:      layout_basic, dk_noncrumbling_2, lightli_minifort
D:7:      layout_basic, amethyst_overflow_temple_binary,
          minmay_a_box_with_orc_wizards_in_it
D:8:      layout_cave_pools, basic_altar, the_bakery,
          chequers_serial_rivers_large_a, minmay_bent, uniq_prince_ribbit1,
          uniq_joseph
D:9:      layout_long_grid, uniq_grum
D:10:     layout_roguey, david_lair_shrubbed, david_orc_2,
          gammafunk_ghost_necromancy
D:11:     layout_stronghold, serial_shops, nicolae_shop_behind_doors,
          gammafunk_ghost_stat_death
D:12:     minmay_chambers_of_sixes, layout_basic, xom_shifter_show
D:13:     minmay_the_grid_triangle_9x9_recursive_2_mashed
          [minmay_the_grid_triangle_9x9_prize_special,
          minmay_the_grid_triangle_9x9_checkered,
          minmay_the_grid_triangle_9x9_empty,
          minmay_the_grid_triangle_9x9_flanged_cone], layout_grid_maze,
          erik_vaults_2, minmay_misc_feat_four_crosses
D:14:     layout_basic, enter_bailey_3, gammafunk_ghost_wrathful_warriors,
          grunt_decor_one_mirror, kennysheep_generic_room_7
D:15:     grunt_enter_depths_hoard, layout_basic
Temple:   regret_index_temple_chain_breaker
Lair:1:   layout_cave_pods
Lair:2:   layout_regular_city, nicolae_spider_entry_orb_guardian, worms_lemuel
Lair:3:   layout_chaotic_city, minmay_swamp_entry_swarm, serial_forest,
          infiniplex_forest_lined_2, infiniplex_forest_straight_2,
          infiniplex_forest_lined_ring, infiniplex_forest_end_2,
          infiniplex_forest_clump_medium, infiniplex_forest_clump_curved,
          infiniplex_forest_straight_2
Lair:4:   layout_regular_city, gauntlet_entry_generic,
          infiniplex_staircase_pool_2, minmay_lair_oklob_chamber
Lair:5:   layout_loops_ring, lemuel_oklob_altar, grunt_megastairs_4
Lair:6:   guppyfry_lair_end_dragon, layout_big_grid, hangedman_lair_in_review,
          nicolae_slime_entry_slimehenge, chequers_serial_rivers_micro_e,
          serial_bayou_shore_a, uniq_snorg
Swamp:1:  layout_falls_marsh, infiniplex_staircase_pool
Swamp:2:  layout_basic_swamp, evilmike_swamp_ruin_house_5, uniq_roxanne
Swamp:3:  layout_falls_marsh, evilmike_swamp_ruin_house_3, swamp_pool4,
          nicolae_swamp_dense_foliage
Swamp:4:  swamp, layout_basic_swamp

Skill      XL: |  1  2  3  4  5  6  7  8  9 10 11 12 13 14 15 16 |
---------------+-------------------------------------------------+-----
Spellcasting   | 3 7 8 10 11 | 11.6
Necromancy     | 5 6 7 8 9 10 12 13 | 13.0
Fighting       | 5 6 7 8 9 10 | 10.8
Maces & Flails | 4 5 6 |  6.4
Hexes          | 3 4 |  4.2
Fire Magic     | 3 |  3.8
Dodging        | 2 4 5 6 8 |  8.6
Earth Magic    | 3 5 6 |  6.9
Evocations     | 3 6 10 | 10.2
Ice Magic      | 5 6 |  6.5
Staves         | 2 5 |  5.3
Shields        | 5 |  5.2
Stealth        | |  1.5

Action                   |  1- 3 |  4- 6 |  7- 9 | 10-12 | 13-15 | 16-18 || total
-------------------------+-------+-------+-------+-------+-------+-------++-------
Melee: Unarmed           |     3 |       |       |       |       |       ||     3
       Club              |    10 |     6 |       |       |       |       ||    16
       Rapier            |       |     1 |       |       |       |       ||     1
       Whip              |       |       |   266 |   282 |   398 |       ||   946
       Flail             |       |       |     3 |       |       |       ||     3
       Staff             |       |       |       |    10 |   889 |    53 ||   952
       Lajatang          |       |       |       |       |    15 |       ||    15
Throw: Dart              |       |       |       |     7 |     7 |       ||    14
 Cast: Pain              |    97 |   124 |   100 |   200 |    32 |       ||   553
       Animate Skeleton  |     2 |    19 |     6 |    17 |     2 |       ||    46
       Vampiric Draining |       |     2 |    38 |    27 |   153 |    12 ||   232
       Animate Dead      |       |     1 |    13 |    22 |    27 |     2 ||    65
       Corpse Rot        |       |       |     4 |     1 |       |       ||     5
       Inner Flame       |       |       |     1 |    12 |     4 |     3 ||    20
       Borgnjor's Vile C |       |       |       |    45 |   110 |    16 ||   171
       Simulacrum        |       |       |       |     7 |    53 |    19 ||    79
       Dispel Undead     |       |       |       |     3 |    37 |     3 ||    43
       Agony             |       |       |       |       |     4 |     1 ||     5
Invok: Receive Corpses   |       |       |     2 |     4 |     8 |     3 ||    17
Evoke: Wand              |     3 |    10 |     6 |    11 |     9 |       ||    39
       Phial of floods   |       |       |       |     1 |     1 |       ||     2
       Sack of spiders   |       |       |       |       |     3 |       ||     3
       Crystal ball of e |       |       |       |       |    13 |       ||    13
       Lamp of fire      |       |       |       |       |     3 |     1 ||     4
       Fan of gales      |       |       |       |       |       |     1 ||     1
  Use: Scroll            |       |     3 |    17 |    11 |    25 |     5 ||    61
 Stab: Paralysed         |       |     4 |       |       |     6 |       ||    10
       Sleeping          |       |       |     4 |       |     1 |       ||     5
       Distracted        |       |       |       |     2 |     2 |       ||     4
Armor: Robe              |     8 |     6 |    92 |       |       |       ||   106
       Leather armour    |       |       |       |    81 |   403 |    56 ||   540
Dodge: Dodged            |    32 |    36 |   182 |   202 |   872 |   144 ||  1468
Block: Other             |       |       |    91 |    98 |   110 |       ||   299
       Reflection        |       |       |     3 |     3 |     4 |       ||    10
       Buckler           |       |       |       |       |   162 |    83 ||   245

Table legend:
 A = Non-vault XP
 B = Vault XP
 C = Vault XP percentage of total XP
 D = Non-vault monster count
 E = Vault monster count
 F = Vault count percentage of total count
                 A         B        C        D         E       F
            +---------+---------+-------+---------+---------+-------
      Total |  113513 |   61287 |  35.1 |     676 |     219 |  24.5
            +---------+---------+-------+---------+---------+-------
        D:1 |      44 |       0 |   0.0 |      22 |       0 |   0.0
        D:2 |     106 |       3 |   2.8 |      17 |       1 |   5.6
        D:3 |     257 |      10 |   3.7 |      30 |       5 |  14.3
        D:4 |     350 |       0 |   0.0 |      20 |       0 |   0.0
        D:5 |     613 |       0 |   0.0 |      23 |       0 |   0.0
        D:6 |     730 |     176 |  19.4 |      15 |       4 |  21.1
        D:7 |    1693 |     405 |  19.3 |      38 |       3 |   7.3
        D:8 |     828 |    1379 |  62.5 |      17 |       6 |  26.1
        D:9 |    1097 |     367 |  25.1 |      31 |       3 |   8.8
       D:10 |    3425 |    2812 |  45.1 |      33 |      15 |  31.2
       D:11 |    7252 |    1468 |  16.8 |      36 |       8 |  18.2
       D:12 |    3288 |    2894 |  46.8 |      26 |       6 |  18.8
       D:13 |    6413 |   13026 |  67.0 |      44 |      23 |  34.3
       D:14 |   10142 |     470 |   4.4 |      48 |       5 |   9.4
       D:15 |   18015 |    1876 |   9.4 |      45 |       2 |   4.3
     Lair:1 |    3927 |       0 |   0.0 |      18 |       0 |   0.0
     Lair:2 |    1891 |    2642 |  58.3 |      12 |      10 |  45.5
     Lair:3 |    3274 |     913 |  21.8 |      16 |       7 |  30.4
     Lair:4 |    6408 |    2935 |  31.4 |      28 |       6 |  17.6
     Lair:5 |    5885 |    2488 |  29.7 |      23 |       5 |  17.9
     Lair:6 |    8693 |   10386 |  54.4 |      32 |      44 |  57.9
    Swamp:1 |    7489 |       0 |   0.0 |      29 |       0 |   0.0
    Swamp:2 |    9579 |    1926 |  16.7 |      33 |       1 |   2.9
    Swamp:3 |    6321 |    3039 |  32.5 |      20 |       4 |  16.7
    Swamp:4 |    5793 |    8666 |  59.9 |      20 |      18 |  47.4
     Bailey |       0 |     333 | 100.0 |       0 |      34 | 100.0
   Gauntlet |       0 |    3073 | 100.0 |       0 |       9 | 100.0
            +---------+---------+-------+---------+---------+-------

Levels and vault maps discovered:
D:1:      lightli_arrival_statue_moat, layout_basic
D:2:      layout_rooms, roderic_serpentine_path, corexii_shack
D:3:      minmay_general_purpose_star, layout_basic, first_ration,
          mrwooster_statue_mirror, kennysheep_generic_room_14
D:4:      layout_rooms, minmay_temple_entry_junction, gammafunk_ghost_mausoleum
D:5:      layout_basic, serial_shops, shop, shop, grunt_decor_resistance
D:6:      layout_basic, dk_noncrumbling_2, lightli_minifort
D:7:      layout_basic, amethyst_overflow_temple_binary,
          minmay_a_box_with_orc_wizards_in_it
D:8:      layout_cave_pools, basic_altar, the_bakery,
          chequers_serial_rivers_large_a, minmay_bent, uniq_prince_ribbit1,
          uniq_joseph
D:9:      layout_long_grid, uniq_grum
D:10:     layout_roguey, david_lair_shrubbed, david_orc_2,
          gammafunk_ghost_necromancy
D:11:     layout_stronghold, serial_shops, nicolae_shop_behind_doors,
          gammafunk_ghost_stat_death
D:12:     minmay_chambers_of_sixes, layout_basic, xom_shifter_show
D:13:     minmay_the_grid_triangle_9x9_recursive_2_mashed
          [minmay_the_grid_triangle_9x9_prize_special,
          minmay_the_grid_triangle_9x9_checkered,
          minmay_the_grid_triangle_9x9_empty,
          minmay_the_grid_triangle_9x9_flanged_cone], layout_grid_maze,
          erik_vaults_2, minmay_misc_feat_four_crosses
D:14:     layout_basic, enter_bailey_3, gammafunk_ghost_wrathful_warriors,
          grunt_decor_one_mirror, kennysheep_generic_room_7
D:15:     grunt_enter_depths_hoard, layout_basic
Temple:   regret_index_temple_chain_breaker
Lair:1:   layout_cave_pods
Lair:2:   layout_regular_city, nicolae_spider_entry_orb_guardian, worms_lemuel
Lair:3:   layout_chaotic_city, minmay_swamp_entry_swarm, serial_forest,
          infiniplex_forest_lined_2, infiniplex_forest_straight_2,
          infiniplex_forest_lined_ring, infiniplex_forest_end_2,
          infiniplex_forest_clump_medium, infiniplex_forest_clump_curved,
          infiniplex_forest_straight_2
Lair:4:   layout_regular_city, gauntlet_entry_generic,
          infiniplex_staircase_pool_2, minmay_lair_oklob_chamber
Lair:5:   layout_loops_ring, lemuel_oklob_altar, grunt_megastairs_4
Lair:6:   guppyfry_lair_end_dragon, layout_big_grid, hangedman_lair_in_review,
          nicolae_slime_entry_slimehenge, chequers_serial_rivers_micro_e,
          serial_bayou_shore_a, uniq_snorg
Swamp:1:  layout_falls_marsh, infiniplex_staircase_pool
Swamp:2:  layout_basic_swamp, evilmike_swamp_ruin_house_5, uniq_roxanne
Swamp:3:  layout_falls_marsh, evilmike_swamp_ruin_house_3, swamp_pool4,
          nicolae_swamp_dense_foliage
Swamp:4:  swamp, layout_basic_swamp

Table legend:
 A = Turns spent in this place as a percentage of turns spent in the entire game.
 B = Non-inter-level travel turns spent in this place as a percentage of non-inter-level travel turns spent in the entire game.
 C = Inter-level travel turns spent in this place as a percentage of turns spent in this place.
 D = Turns resting spent in this place as a percentage of non-inter-level travel turns spent in this place.
 E = Turns spent auto-exploring this place as a percentage of non-inter-level travel turns spent in this place.
 F = Non-inter-level travel turns spent in this place divided by the number of levels of this place that you've seen.
                   A       B       C       D       E      F
               +-------+-------+-------+-------+-------+----------------------
         Total | 100.0 | 100.0 |   4.5 |  37.1 |  37.1 | 1303.1
       Dungeon |  60.0 |  60.2 |   4.2 |  38.7 |  37.0 | 1463.7
        Temple |   0.0 |   0.0 |  33.3 |   0.0 |  30.0 |  10.0
          Lair |  22.6 |  22.2 |   6.1 |  33.2 |  41.9 | 1352.2
         Swamp |  14.3 |  14.4 |   3.9 |  42.2 |  30.3 | 1314.0
        Bailey |   0.9 |   1.0 |   0.0 |  28.8 |  22.9 | 358.0
      Gauntlet |   2.1 |   2.2 |   0.0 |   1.5 |  42.8 | 794.0
               +-------+-------+-------+-------+-------+----------------------

Table legend:
 A = Kills in this place as a percentage of kills in entire the game.
 B = Kills by you in this place as a percentage of kills by you in the entire game.
 C = Kills by friends in this place as a percentage of kills by friends in the entire game.
 D = Other kills in this place as a percentage of other kills in the entire game.
 E = Experience gained in this place as a percentage of experience gained in the entire game.
 F = Experience gained in this place divided by the number of levels of this place that you have seen.
                   A       B       C       D       E      F
               +-------+-------+-------+-------+-------+----------------------
         Total | 100.0 | 100.0 | 100.0 | 100.0 | 100.0 | 6242.9
       Dungeon |  58.8 |  66.1 |  22.9 | 100.0 |  45.3 | 5275.9
          Lair |  22.5 |  16.9 |  49.7 |   0.0 |  28.3 | 8240.3
         Swamp |  14.0 |  11.9 |  24.2 |   0.0 |  24.5 | 10703.2
        Bailey |   3.8 |   4.1 |   2.6 |   0.0 |   0.2 | 333.0
      Gauntlet |   1.0 |   1.1 |   0.7 |   0.0 |   1.8 | 3073.0
               +-------+-------+-------+-------+-------+----------------------
